[Event "*** Titled Tuesday Blitz"]
[Site "Chess.com"]
[Date "2019.07.02"]
[Round "2"]
[White "IwkooO"]
[Black "pedromartinez91"]
[Result "0-1"]
[WhiteElo "2527"]
[BlackElo "2438"]
[TimeControl "180+2"]
[EndTime "13:23:58 PDT"]
[Termination "pedromartinez91 won by resignation"]

1. e4 e6 2. d4 d5 3. Nd2 Nf6 4. e5 Ne4 5. Bd3 Nxd2 6. Bxd2 c5 7. c3 cxd4 8. cxd4 Qb6 9. Bc3 Bd7 10. Nf3 Bb5 11. O-O Bxd3 12. Qxd3 Qa6 13. Qe3 Nc6 14.
a3 Be7 15. Rfc1 Rc8 16. Qf4 O-O 17. h4 Na5 18. h5 Nb3 19. Qg4 Nxc1 20. Rxc1 Qd3 21.
Re1 Qf5 22. Qxf5 exf5 23. Re3 Rc6 24. Kh2 g5 25. hxg6 hxg6 26. Ne1 Rfc8 27. Nc2 Kg7 28. Nb4 Bxb4 29. Bxb4 Rc2 30. Be7 R8c6 31. Bf6+ Rxf6 32. exf6+ Kxf6 33. Rb3 b6 34. Kg3 Rd2 35. Rb4 Ke6 36.
Kf3 Kd6 37. Ke3 Rc2 38. g3 Kc6 39. f3 a5 40. Rb3 b5 41. Kf4 a4 42. Rb4 Rc4 43.
Ke5 Rc2 44. Kf4 Rd2 45. Ke3 Rg2 46. Kf4 f6 47. g4 fxg4 48. fxg4 Rf2+ 49. Kg3 Rc2 50.
Kf4 g5+ 51. Kf5 Rf2+ 52. Kg6 Rf4 53. Kh5 Rf2 54. Kg6 Rf3 55. Kh6 Rf4 56. Kh5 Kb6 57. b3 axb3 58. a4 Ka5 59. Rxb5+ Kxa4 60. Rxd5 b2 61. Rd8 Kb3 62. Ra8 b1=Q 63. Rb8+ Kc2 64. Rxb1 Kxb1 65. d5 Rd4 66. Kg6 Rxg4 67. Kxf6 Rd4 0-1

[Event "*** Titled Tuesday Blitz"]
[Site "Chess.com"]
[Date "2019.07.02"]
[Round "2"]
[White "jk13"]
[Black "Msb2"]
[Result "0-1"]
[WhiteElo "2601"]
[BlackElo "2870"]
[TimeControl "180+2"]
[EndTime "13:23:59 PDT"]
[Termination "Msb2 won by resignation"]

1. e4 c6 2. d3 d5 3. Qe2 dxe4 4. dxe4 e5 5. Nf3 Qc7 6. g3 Nf6 7. Bg2 Be7 8. O-O O-O 9. c3 a5 10. a4 b6 11. Rd1 Ba6 12. Qe1 Nbd7 13. Nbd2 Nc5 14.
Bf1 Bxf1 15. Kxf1 Rad8 16. Nc4 Rxd1 17. Qxd1 Ncxe4 18. Ncxe5 Bc5 19. Nd3 Qd7 20. Qe2 Qh3+ 21. Kg1 Re8 22. Nxc5 Nxg3 23. Qxe8+ Nxe8 24. hxg3 bxc5 25. Be3 Qf5 26. Nd2 Nf6 27. Nb3 Ng4 28. Bxc5 Qh5 29. Ra3 Qh2+ 30. Kf1 Qh1+ 31. Ke2 Qb1 32. Nxa5 Qe4+ 33. Kd2 Qd5+ 34. Bd4 c5 35. Rb3 h5 36. Rb5 Qa2 37. Bxc5 Qxa4 38. Rb8+ Kh7 39. Bb4 Nxf2 40.
Nc4 Qd1+ 41. Ke3 Ng4+ 42. Kf4 Qf1+ 43. Kg5 Qxc4 0-1

[Event "*** Titled Tuesday Blitz"]
[Site "Chess.com"]
[Date "2019.07.02"]
[Round "2"]
[White "Orest_Vovk"]
[Black "Alex_Terzi"]
[Result "1/2-1/2"]
[WhiteElo "2310"]
[BlackElo "2444"]
[TimeControl "180+2"]
[EndTime "13:23:59 PDT"]
[Termination "Game drawn by repetition"]

1. h4 e5 2. h5 d5 3. h6 Nxh6 4.
d4 e4 5. Bxh6 gxh6 6. e3 Bg7 7. c4 O-O 8. Nc3 c6 9. Qb3 dxc4 10.
Bxc4 Qe7 11. a4 a5 12. Nge2 Bf5 13. Ng3 Bg6 14. Nh5 Na6 15. Nxg7 Kxg7 16. g3 Nb4 17.
Rh4 Rad8 18. Kf1 f5 19. Kg2 Bf7 20. Rah1 Rd6 21. Ne2 Nd3 22. Nf4 Nxf4+ 23. Rxf4 Bxc4 24. Qxc4 Rd5 25. Rh5 Rf6 26. Qb3 Qb4 27. Qxb4 axb4 28. b3 Kg6 29. Rfh4 Kg7 30. Rh1 c5 31. dxc5 Rxc5 32.
Rd1 Rc3 33. Rd7+ Kg6 34. Rh1 Rxb3 35. Rxb7 Ra6 36. Rc1 Rc3 37. Rb1 b3 38. R1xb3 Rxb3 39. Rxb3 Rxa4 40. Rb6+ Kg5 41. Rb7 Kg6 42. Rb6+ Kg5 43.
Rb7 Kg6 44. Rb6+ 1/2-1/2

[Event "*** Titled Tuesday Blitz"]
[Site "Chess.com"]
[Date "2019.07.02"]
[Round "2"]
[White "Th3ChessViking"]
[Black "TonRicher"]
[Result "0-1"]
[WhiteElo "2453"]
[BlackElo "2416"]
[TimeControl "180+2"]
[EndTime "13:24:04 PDT"]
[Termination "TonRicher won by checkmate"]

1. c4 Nf6 2. g3 e6 3. Bg2 d5 4.
Nf3 Be7 5. O-O O-O 6. d4 dxc4 7.
Qc2 a6 8. Qxc4 b5 9. Qc2 Bb7 10.
Bf4 Nc6 11. Rd1 Nb4 12. Qc1 Rc8 13. Nc3 Nbd5 14. Qc2 Nxf4 15. gxf4 b4 16. Na4 Be4 17. Qd2 Qd5 18. b3 Bd6 19. Ne1 Bxg2 20. Nxg2 Qh5 21. f3 Nd5 22. e4 Nb6 23. Nxb6 cxb6 24. Kf2 Rc3 25. Qe2 Rfc8 26. Rd2 Qxh2 27. e5 Be7 28. Qf1 Qh3 29. Ne3 Bh4+ 30. Ke2 Qh2+ 31. Qg2 Qxf4 32. Nc4 b5 33. Nd6 Rc2 34. Rd1 Bg5 35. Ne4 Bh6 36. Kf1 Rxd2 37. Rxd2 Rc1+ 38. Ke2 Qe3# 0-1

[Event "*** Titled Tuesday Blitz"]
[Site "Chess.com"]
[Date "2019.07.02"]
[Round "2"]
[White "GukeshDommaraju"]
[Black "JustaTrickstar"]
[Result "0-1"]
[WhiteElo "2592"]
[BlackElo "2849"]
[TimeControl "180+2"]
[EndTime "13:24:05 PDT"]
[Termination "JustaTrickstar won by resignation"]

1. c4 e6 2. Nf3 d5 3. e3 Nf6 4.
Nc3 Be7 5. b3 O-O 6. Bb2 b6 7. cxd5 Nxd5 8. Nxd5 Qxd5 9. Bc4 Qh5 10.
g4 Qa5 11. a3 b5 12. b4 Qb6 13.
Bd4 c5 14. bxc5 Bxc5 15. Rb1 a6 16. Bd3 Bb7 17. Bxh7+ Kxh7 18. Qc2+ f5 19. Bxc5 Rc8 20. Bxb6 Rxc2 21. Nd4 Bxh1 22. Nxc2 Nd7 23. Bd4 Be4 24. Rb2 Rc8 25. Nb4 a5 26. d3 axb4 27. dxe4 bxa3 28. Rxb5 e5 29. Ra5 exd4 30. exd4 fxe4 31. Rxa3 Rc4 32.
Ke2 Rxd4 33. Ke3 Rb4 34. Ra5 Nf6 35. g5 Ng4+ 36. Kf4 e3+ 37. Kf5 exf2 38. g6+ Kh6 0-1

[Event "*** Titled Tuesday Blitz"]
[Site "Chess.com"]
[Date "2019.07.02"]
[Round "2"]
[White "yoolund"]
[Black "Alexander_Moskalenko"]
[Result "0-1"]
[WhiteElo "2600"]
[BlackElo "2855"]
[TimeControl "180+2"]
[EndTime "13:24:06 PDT"]
[Termination "Alexander_Moskalenko won by resignation"]

1. d4 d5 2. Nf3 c6 3. c4 Nf6 4. e3 Bg4 5. h3 Bxf3 6. Qxf3 e6 7. Nc3 Nbd7 8. Bd3 Bd6 9. O-O O-O 10. Rd1 Re8 11.
e4 dxe4 12. Nxe4 Nxe4 13. Bxe4 Bf8 14. Be3 g6 15. Rd2 Bg7 16. Rad1 Qa5 17. a3 Rad8 18. Qg3 a6 19. Qh4 Nf6 20. Bf3 Nd7 21. Bg5 Rc8 22.
Bh6 Bxh6 23. Qxh6 Qf5 24. Bg4 Qf6 25. d5 cxd5 26. cxd5 Nf8 27. dxe6 Nxe6 28. Bxe6 Rxe6 29. g3 Rce8 30. Qf4 Qxf4 31. gxf4 Rf6 32. Rd4 Re2 33. Rb4 b5 34. Kg2 Rc6 35. Rf1 Rcc2 36. a4 Rxb2 37.
Rxb2 Rxb2 38. axb5 axb5 39. Kf3 Rb3+ 40. Kg2 Kg7 41. Rc1 b4 42. Rc5 Rc3 43. Rb5 b3 44. h4 Kf6 45. h5 gxh5 46. Rxh5 b2 47. Rb5 Rc2 48. Kf3 h5 49. Kg3 Ke6 50. f3 Kd6 51. Kh4 Kc6 52. Rb8 f6 53. Kxh5 Rc5+ 0-1

[Event "*** Titled Tuesday Blitz"]
[Site "Chess.com"]
[Date "2019.07.02"]
[Round "2"]
[White "SalgadoChess91"]
[Black "RzayevB"]
[Result "1-0"]
[WhiteElo "2835"]
[BlackElo "2590"]
[TimeControl "180+2"]
[EndTime "13:24:07 PDT"]
[Termination "SalgadoChess91 won by resignation"]

1. d4 c5 2. d5 e5 3. c4 d6 4. Nc3 Nf6 5. e4 Be7 6. Nge2 Nbd7 7. Ng3 Nf8 8. Bd3 Ng6 9. Nf5 Kf8 10. g3 h5 11. h4 Bd7 12. Bg5 Ng8 13. Nxe7 N8xe7 14. f3 f6 15. Bd2 a6 16. a4 Rb8 17. a5 b6 18.
axb6 Qxb6 19. Ra2 f5 20. Bg5 f4 21. Rg1 Ke8 22. gxf4 Nxf4 23. Bxf4 exf4 24. Rxg7 Kf8 25.
Rg5 Kf7 26. Qd2 Ng6 27. e5 Nxe5 28. Qxf4+ Ke7 29. Be2 Rbf8 30. Rg7+ Kd8 31. Qg5+ Kc8 32.
f4 Rf5 33. Qg3 Ng4 34. Nb5 Re8 35. Qa3 Bxb5 36. cxb5 Rxe2+ 37. Kxe2 Qxb5+ 38. Qd3 c4 39. Qxf5+ 1-0

[Event "*** Titled Tuesday Blitz"]
[Site "Chess.com"]
[Date "2019.07.02"]
[Round "2"]
[White "GMsKoRPioN"]
[Black "Blitzstream"]
[Result "0-1"]
[WhiteElo "2562"]
[BlackElo "2784"]
[TimeControl "180+2"]
[EndTime "13:24:07 PDT"]
[Termination "Blitzstream won by resignation"]

1. d4 d5 2. c4 c6 3. Nf3 Nf6 4. Nc3 e6 5. Bg5 h6 6. Bh4 dxc4 7. e4 g5 8. Bg3 b5 9. Be2 Bb7 10. O-O Nbd7 11. h4 b4 12. Na4 Nxe4 13. Bxc4 g4 14. Ne5 Nxg3 15. fxg3 Nxe5 16. dxe5 Qxd1 17. Raxd1 Be7 18.
Rf4 h5 19. Rfd4 Rd8 20. Rxd8+ Bxd8 21. Kf1 Bc7 22. Nc5 Bc8 23. Nd3 a5 24. b3 Ke7 25.
Ke2 Rd8 26. Nf4 Rxd1 27. Kxd1 Bxe5 28. Nxh5 c5 29. Ke2 Bb7 30. Kf2 Be4 31. Nf4 Bb1 32.
h5 Bxa2 33. h6 a4 34. Nd3 Bd4+ 35. Ke2 Bxb3 36. Bxb3 axb3 37. Kd2 c4 38. Nxb4 c3+ 39. Kd3 c2 40. Nxc2 bxc2 41. Kxc2 Kf6 42. Kd3 Be5 43.
h7 Kg7 44. Ke4 Bxg3 45. Ke3 f5 46. Kd4 Kxh7 47. Kc5 Kg6 48. Kd4 Kg5 49. Ke3 Bd6 50.
Ke2 Kf4 51. Kf2 Bc5+ 52. Kf1 Kg3 53. Ke2 Kxg2 54. Ke1 f4 55. Ke2 f3+ 0-1

[Event "*** Titled Tuesday Blitz"]
[Site "Chess.com"]
[Date "2019.07.02"]
[Round "2"]
[White "MarcoRiehle"]
[Black "przemekpiotrowski"]
[Result "1-0"]
[WhiteElo "2699"]
[BlackElo "2371"]
[TimeControl "180+2"]
[EndTime "13:24:08 PDT"]
[Termination "MarcoRiehle won by resignation"]

1. e4 c5 2. a3 e6 3. b4 cxb4 4. axb4 Bxb4 5. Bb2 Nf6 6. e5 Nd5 7. c4 Ne7 8. Qg4 Nf5 9. Bd3 h5 10. Qf3 g6 11. Nh3 Nc6 12. O-O b6 13. Nc3 Bxc3 14.
Bxc3 Bb7 15. Qf4 Qh4 16. Qxh4 Nxh4 17. Ng5 Nf5 18. Ne4 Ke7 19. c5 Rhc8 20. Rfb1 Ncd4 21. cxb6 axb6 22. Bb4+ Kd8 23. Kf1 Rxa1 24. Rxa1 Bxe4 25. Bxe4 Nc2 26. Bxc2 Rxc2 27. Ra7 Nd4 28. g3 Nc6 29.
Ra8+ Kc7 30. Bd6+ Kb7 31. Rf8 Rxd2 32. Rxf7 Ka6 33. f4 b5 34. Rxd7 b4 35. Rc7 Kb5 36.
Rb7+ Kc4 37. Rb6 Nd4 38. Bxb4 Rxh2 39. Be1 Kd3 40. Bf2 Rh1+ 41. Kg2 Rd1 42. Bxd4 Rd2+ 43. Bf2 1-0

[Event "*** Titled Tuesday Blitz"]
[Site "Chess.com"]
[Date "2019.07.02"]
[Round "2"]
[White "Andrei_Belozerov"]
[Black "playerorkinyo"]
[Result "1-0"]
[WhiteElo "2547"]
[BlackElo "2409"]
[TimeControl "180+2"]
[EndTime "13:24:09 PDT"]
[Termination "Andrei_Belozerov won by resignation"]

1. e4 c6 2. d4 d5 3. exd5 cxd5 4. Bd3 Nc6 5. c3 Nf6 6. Bf4 Bg4 7. Qb3 e5 8. dxe5 Nh5 9. Bg3 Nxg3 10. hxg3 Nxe5 11. Bb5+ Nc6 12. Nf3 a6 13. Be2 Qd7 14. Nbd2 Bc5 15. O-O O-O 16. Qc2 Rfd8 17. Nb3 Ba7 18.
Ng5 Bxe2 19. Qxh7+ Kf8 20. Rfe1 Qg4 21. Qh8+ Ke7 22.
Qxg7 Kd7 23. Qxf7+ Kc8 24. Ne6 Rd7 25. Qe8+ Nd8 26.
Nxd8 Rxd8 27. Qxe2 Qxg3 28. Nd4 Bxd4 29. cxd4 Qg7 30.
Rac1+ Kb8 31. Qe5+ Qxe5 32. Rxe5 Ka7 33. Rc5 Rac8 34.
Rxc8 Rxc8 35. Rxd5 Rc2 36. f4 Rxb2 37. a4 Kb6 38. f5 Kc6 39. Re5 Rb4 40. f6 Rxd4 41.
Rf5 Rd8 42. g4 b5 43. axb5+ axb5 44. g5 Kd7 45. Re5 Rf8 46. Kf2 b4 47. Kf3 b3 48.
Rb5 Ke6 49. Kf4 Rc8 50. Rxb3 Rc4+ 51. Kg3 Kf7 52. Rb7+ Kg6 53. Rg7+ 1-0

[Event "*** Titled Tuesday Blitz"]
[Site "Chess.com"]
[Date "2019.07.02"]
[Round "2"]
[White "Mazanchenko_Dmitry"]
[Black "Komissarov_alex"]
[Result "1-0"]
[WhiteElo "2242"]
[BlackElo "2134"]
[TimeControl "180+2"]
[EndTime "13:24:11 PDT"]
[Termination "Mazanchenko_Dmitry won on time"]

1. e4 e5 2. Nf3 Nc6 3. d4 exd4 4. Bc4 Bc5 5. c3 Nf6 6. cxd4 Bb4+ 7. Bd2 Bxd2+ 8.
Nbxd2 d5 9. exd5 Nxd5 10. O-O O-O 11. a3 Nce7 12. h3 c6 13. Re1 h6 14. b4 Bf5 15.
Qb3 Qd6 16. Ne5 Rae8 17. f3 Qc7 18. Ne4 Qb6 19. Nc5 a5 20. Rad1 Rd8 21. bxa5 Qxb3 22. Bxb3 Nc3 23. Nxb7 Rb8 24. a6 Nxd1 25. Rxd1 Bc8 26.
Ba4 Bxb7 27. axb7 Rxb7 28. Nxc6 Nxc6 29. Bxc6 Ra7 30. a4 Kh8 31. d5 Rc8 32. Bb5 Rd8 33. d6 Kg8 34. d7 Kf8 35. Re1 Rdxd7 36. Bxd7 Rxd7 37. Ra1 1-0

[Event "*** Titled Tuesday Blitz"]
[Site "Chess.com"]
[Date "2019.07.02"]
[Round "2"]
[White "LisikValera"]
[Black "Etoilegeniale"]
[Result "1-0"]
[WhiteElo "2422"]
[BlackElo "2446"]
[TimeControl "180+2"]
[EndTime "13:24:14 PDT"]
[Termination "LisikValera won on time"]

1. d4 d5 2. Bf4 Nf6 3. e3 e6 4. Nd2 c5 5. c3 Nc6 6. Bd3 Bd6 7. Bxd6 Qxd6 8. f4 O-O 9. Ngf3 b6 10. a3 a5 11. Qe2 Bb7 12. O-O Ne7 13. Ne5 Ne4 14. Nxe4 dxe4 15. Bb5 cxd4 16. cxd4 Nd5 17.
Rac1 Rfc8 18. h3 g6 19. g4 Rc7 20. g5 Rac8 21. Qd2 Kg7 22. h4 Ne7 23. h5 gxh5 24. Kf2 Nf5 25. a4 Qb4 26. Qxb4 axb4 27. Rxc7 Rxc7 28. Nc4 Bd5 29. b3 Bxc4 30. bxc4 Nd6 31. Rc1 b3 32. c5 Nxb5 33. axb5 bxc5 34. b6 Rc6 35. dxc5 b2 36. Rb1 Rxc5 37. Rxb2 Rc8 38. b7 Rb8 39. Kg3 Kg6 40. Rb6 h6 41. Kh4 hxg5+ 42.
fxg5 Kf5 43. Rb5+ e5 44. Rb6 1-0

[Event "*** Titled Tuesday Blitz"]
[Site "Chess.com"]
[Date "2019.07.02"]
[Round "2"]
[White "Last7Samurai"]
[Black "Padenie_Zvezd"]
[Result "1-0"]
[WhiteElo "2778"]
[BlackElo "2674"]
[TimeControl "180+2"]
[EndTime "13:24:15 PDT"]
[Termination "Last7Samurai won by resignation"]

1. d4 d5 2. Bf4 Nf6 3. e3 c5 4. c3 Nc6 5. Nd2 Qb6 6. Qb3 c4 7. Qc2 g6 8. e4 e5 9. dxe5 Ng4 10. O-O-O Qxf2 11. Bg3 Qe3 12. exd5 Bf5 13. Qa4 b5 14. Qxb5 Ba3 15. Qxc6+ Kf8 16. Ne2 Rb8 17. Qd6+ Bxd6 18. exd6 Kg7 19. Nd4 Nf2 20. Nxf5+ gxf5 21. Bxf2 Qxf2 22.
Bxc4 Qb6 23. Bb3 Qxd6 24. Rhf1 f4 25. Nf3 a5 26. Nd4 Qf6 27. g3 Rhe8 28. Rxf4 Qb6 29.
d6 Rb7 30. d7 Rxd7 31. Nf5+ Kg6 32. Rxd7 Re1+ 33. Kd2 Qg1 34. Bxf7+ Kf6 35. Nd4+ Kg5 36. Nf3+ Kh6 37. Nxg1 Rxg1 38. Bc4 1-0

[Event "*** Titled Tuesday Blitz"]
[Site "Chess.com"]
[Date "2019.07.02"]
[Round "2"]
[White "Witik"]
[Black "GMHess"]
[Result "0-1"]
[WhiteElo "2548"]
[BlackElo "2750"]
[TimeControl "180+2"]
[EndTime "13:24:20 PDT"]
[Termination "GMHess won by resignation"]

1. d4 g6 2. e4 Bg7 3. Nc3 d6 4. Be3 c6 5. Qd2 Nd7 6. f3 b5 7.
Nge2 Nb6 8. b3 a5 9. a4 b4 10. Nd1 c5 11. Nf2 Ba6 12. Rd1 c4 13. g4 h5 14. gxh5 Rxh5 15. Ng3 Rh7 16. d5 Bc3 17. h4 Bxd2+ 18. Rxd2 cxb3 19. cxb3 Bxf1 20. Kxf1 Rc8 21. Kg2 Rc3 22. Bd4 Rxb3 23. Rc1 Nxa4 24. e5 dxe5 25. Bxe5 Nc3 26. d6 exd6 27. Rxd6 Qxh4 28.
Re1 Qh2+ 29. Kf1 Rb1 30. Ng4 Qh1+ 31. Nxh1 Rxh1+ 32. Kg2 Rhxe1 33. Nf6+ Nxf6 34. Bxf6 Rbd1 35. Ra6 Rg1+ 36. Kh3 Rd5 37. Kh2 Ne2 38. Ra8+ Kd7 39. Rd8+ Ke6 0-1

[Event "*** Titled Tuesday Blitz"]
[Site "Chess.com"]
[Date "2019.07.02"]
[Round "2"]
[White "StoreySniper"]
[Black "alturas_pacificas"]
[Result "1-0"]
[WhiteElo "2473"]
[BlackElo "2400"]
[TimeControl "180+2"]
[EndTime "13:24:20 PDT"]
[Termination "StoreySniper won by resignation"]

1. b4 e5 2. Bb2 Bxb4 3. Bxe5 Nf6 4. c3 Be7 5. d4 d5 6. e3 O-O 7. Bd3 Bg4 8. Qc2 Nbd7 9. Nd2 Bh5 10. Bg3 Bg6 11. Ngf3 c5 12. O-O Rc8 13. Bxg6 hxg6 14. Qb3 Qb6 15. Qxb6 axb6 16. Rfb1 Ra8 17. Rb2 Ra3 18.
Nb1 Ra7 19. Nbd2 Ra3 20. Nb1 Ra7 21. Nfd2 Rfa8 22. Kf1 c4 23. f3 Ra5 24. e4 b5 25.
Bc7 b6 26. h3 R8a7 27. Bh2 Ra8 28. e5 Ne8 29. f4 Nc7 30. g4 Ne6 31. f5 Ng5 32. h4 Ne4 33. Nxe4 dxe4 34. Nd2 Bxh4 35. Nxe4 gxf5 36. gxf5 Be7 37. d5 Nc5 38. Nxc5 Bxc5 39. e6 fxe6 40. fxe6 Rd8 41. Rd1 Bd6 42. Bxd6 Rxd6 43.
Rd4 Kf8 44. Rf2+ Ke8 45. Rf7 b4 46. Rh4 1-0

[Event "*** Titled Tuesday Blitz"]
[Site "Chess.com"]
[Date "2019.07.02"]
[Round "2"]
[White "wonderfultime"]
[Black "BAS8892"]
[Result "1-0"]
[WhiteElo "2915"]
[BlackElo "2616"]
[TimeControl "180+2"]
[EndTime "13:24:21 PDT"]
[Termination "wonderfultime won by resignation"]

1. d4 Nf6 2. Nf3 e6 3. Bf4 c5 4. c3 d5 5. e3 Bd6 6. Bg3 Qc7 7. dxc5 Qxc5 8. Nbd2 Nbd7 9. Bd3 O-O 10. O-O Bxg3 11.
hxg3 e5 12. e4 dxe4 13. Nxe4 Nxe4 14. Bxe4 Nf6 15. Re1 Re8 16. Bc2 Bg4 17. Qc1 Rad8 18. Qe3 Qxe3 19. Rxe3 Bxf3 20. gxf3 Rd2 21. Rc1 Kf8 22. Kf1 a6 23. Re2 Rxe2 24. Kxe2 Rd8 25. a4 a5 26. Ra1 Ke7 27. Ra3 Rd6 28. Rb3 b6 29. Rb5 Nd7 30. b4 axb4 31. cxb4 h6 32.
a5 bxa5 33. bxa5 g6 34. Bd3 Rd4 35. Rb7 Kd6 36. a6 Ra4 37. Rxd7+ Kxd7 38. Bb5+ Kc7 39.
Bxa4 1-0

[Event "*** Titled Tuesday Blitz"]
[Site "Chess.com"]
[Date "2019.07.02"]
[Round "2"]
[White "zurzan"]
[Black "lrestevez"]
[Result "0-1"]
[WhiteElo "1931"]
[BlackElo "2124"]
[TimeControl "180+2"]
[EndTime "13:24:24 PDT"]
[Termination "lrestevez won by checkmate"]

1. e4 e5 2. Nf3 Nc6 3. d4 exd4 4. Bc4 Nf6 5. e5 d5 6. Bb5 Ne4 7. Nxd4 Bc5 8. Be3 Bxd4 9. Bxd4 O-O 10. Bxc6 bxc6 11.
Nd2 Nxd2 12. Qxd2 Qe7 13. O-O c5 14. Bc3 d4 15. Ba5 Qxe5 16. Rae1 Qd6 17. c3 Ba6 18. cxd4 Bxf1 19. Rxf1 Qxd4 20. Qc2 Rab8 21. Bc3 Qc4 22. a3 Rfe8 23. h3 Re2 24. Qf5 Qe6 25. Qg5 Qg6 26. Qxc5 Rbe8 27. Qxc7 R2e7 28. Qf4 Qe6 29. Qg3 f6 30.
Bb4 Rd7 31. h4 Red8 32. Bc3 Rd1 33. Rxd1 Rxd1+ 34. Kh2 Qd6 35. f4 Rd3 36. Qf2 h6 37. g3 Rd1 38. Qxa7 Qd5 39. Kh3 Qf3 40. Qb8+ Kh7 41. f5 Rh1# 0-1

[Event "*** Titled Tuesday Blitz"]
[Site "Chess.com"]
[Date "2019.07.02"]
[Round "2"]
[White "pandamaster3000"]
[Black "albano87"]
[Result "0-1"]
[WhiteElo "2271"]
[BlackElo "2211"]
[TimeControl "180+2"]
[EndTime "13:24:24 PDT"]
[Termination "albano87 won by checkmate"]

1. e4 c5 2. Nf3 Nc6 3. Bb5 d6 4. Bxc6+ bxc6 5. e5 g6 6. O-O Bg7 7. Re1 d5 8. d3 Bg4 9. h3 Bxf3 10. Qxf3 e6 11. c4 Ne7 12. Nc3 O-O 13. Na4 Qa5 14.
Bg5 f6 15. exf6 Qxa4 16. Rxe6 Nf5 17. fxg7 Nxg7 18. Qe2 Nxe6 19. Qxe6+ Rf7 20. b3 Qb4 21. Qxc6 Raf8 22. Qxd5 Qb7 23. Qxb7 Rxb7 24. Re1 Kf7 25. Re5 Rc8 26. Bd2 Re7 27. Rd5 Re2 28. Be3 Rxa2 29. Bxc5 Ra5 30. b4 Ra1+ 31. Kh2 a5 32. b5 a4 33. b6 a3 34. b7 Rb8 35. Rd7+ Ke6 36. Re7+ Kf6 37. Rxh7 Rb1 38. Bd4+ Ke6 39. Rg7 R8xb7 40.
Rxg6+ Kf5 41. Ra6 R7b3 42. g4+ Kg5 43. Bf6+ Kf4 44. Bd4 Rxd3 45. Be3+ Kf3 46. c5 Rdd1 47. Rf6+ Ke2 48. c6 a2 49. c7 a1=Q 50. c8=Q Qxf6 51. Kg3 Rg1+ 52. Kh2 Rh1+ 53. Kg3 Rbg1# 0-1

[Event "*** Titled Tuesday Blitz"]
[Site "Chess.com"]
[Date "2019.07.02"]
[Round "2"]
[White "Doraemon7"]
[Black "StephenDedalus83"]
[Result "0-1"]
[WhiteElo "2578"]
[BlackElo "2812"]
[TimeControl "180+2"]
[EndTime "13:24:26 PDT"]
[Termination "StephenDedalus83 won by resignation"]

1. Nf3 c5 2. c4 Nc6 3. Nc3 e5 4. e3 Nf6 5. d4 cxd4 6. exd4 e4 7.
Ne5 Bb4 8. Be2 O-O 9. O-O Re8 10.
Nxc6 dxc6 11. Be3 Bf5 12. Qb3 Qe7 13. Bg5 Bd6 14. Rae1 h6 15. Be3 Ng4 16. Bxg4 Bxg4 17. c5 Bc7 18. d5 Bxh2+ 19. Kxh2 Qh4+ 20. Kg1 Bf3 21. Ne2 Re5 22. Ng3 Rxd5 23. gxf3 exf3 24.
Bc1 Rf5 25. Re3 Qg4 26. Rd1 h5 27. Rdd3 h4 28. Rxf3 hxg3 29. Rxg3 Qe4 30. Rde3 Qd4 31. Qc3 Qd1+ 32. Kg2 Qd5+ 33. Kg1 g6 34. Qe1 Rh5 35. Re8+ Kg7 36. Rg2 Rxe8 37. Be3 Re4 38. Qc3+ Kh7 39. Qe1 Reh4 0-1

[Event "*** Titled Tuesday Blitz"]
[Site "Chess.com"]
[Date "2019.07.02"]
[Round "2"]
[White "PaulfromSPb"]
[Black "kosmeg"]
[Result "0-1"]
[WhiteElo "2617"]
[BlackElo "2461"]
[TimeControl "180+2"]
[EndTime "13:24:26 PDT"]
[Termination "kosmeg won by resignation"]

1. e4 e5 2. Nf3 Nc6 3. Bc4 Nf6 4.
d3 Be7 5. O-O O-O 6. c3 d6 7. Bb3 Na5 8. Bc2 c5 9. h3 Nc6 10. a3 Re8 11. b4 a6 12. Nbd2 Bf8 13.
Re1 d5 14. Qe2 h6 15. Bb2 b5 16. Rad1 Bb7 17. bxc5 Bxc5 18. d4 exd4 19. cxd4 dxe4 20. dxc5 exf3 21. Qxf3 Rxe1+ 22. Rxe1 Qxd2 23. Re2 Nd4 24. Rxd2 Nxf3+ 25. gxf3 Bxf3 26. Bxf6 gxf6 27. Bf5 Ra7 28. Rc2 Rc7 29. Kh2 Bd5 30. Bd3 Bb3 31. Rc3 Be6 32.
Kg3 Kf8 33. a4 Bc4 34. axb5 axb5 35. Bf5 Rxc5 36. Kf4 b4 37. Rc2 Rxf5+ 38. Ke4 Re5+ 39. Kd4 Be6 40. f3 b3 41. Rb2 Ra5 42. Kc3 Rc5+ 43. Kd2 Rc2+ 44. Rxc2 bxc2 45. Kxc2 Bxh3 46. Kd3 Kg7 47.
Ke4 Kg6 48. Kf4 Bc8 49. Kg3 Kg5 50. f4+ Kf5 51. Kh4 Kxf4 52. Kh5 f5 53. Kh4 Be6 54. Kh3 Kg5 55. Kh2 f4 56. Kg2 h5 57. Kh2 h4 58.
Kg1 Kg4 59. Kh2 f3 60. Kg1 Kg3 61. Kh1 Bc4 62. Kg1 f2+ 0-1

[Event "*** Titled Tuesday Blitz"]
[Site "Chess.com"]
[Date "2019.07.02"]
[Round "2"]
[White "BakaPG"]
[Black "Yoshkinkot"]
[Result "1/2-1/2"]
[WhiteElo "2724"]
[BlackElo "2547"]
[TimeControl "180+2"]
[EndTime "13:24:27 PDT"]
[Termination "Game drawn - insufficient material"]

1. e4 c5 2. Nf3 d6 3. d4 cxd4 4.
Nxd4 Nf6 5. Nc3 a6 6. Be3 e6 7.
Be2 Be7 8. O-O O-O 9. f4 Qc7 10. g4 d5 11. e5 Ne4 12. Nxe4 dxe4 13. c3 b5 14. Qe1 Bb7 15. Qg3 Nd7 16. Rf2 b4 17. cxb4 Bxb4 18. Rc1 Qa5 19. a3 Be1 20. Nb3 Bxf2+ 21. Qxf2 Qa4 22. Bd1 Qb5 23. Nd4 Qa5 24.
b4 Qxa3 25. Rc7 Nb6 26. Rxb7 Nd5 27. Nc2 Qb2 28. Bc5 Rfb8 29. Rxb8+ Rxb8 30. f5 Qxe5 31. fxe6 Qxe6 32. Nd4 e3 33. Qe2 Qe4 34. Nf5 Nf4 35. Qf3 Qxf3 36. Bxf3 Nd3 37. Bxe3 Rxb4 38. h3 Ne5 39.
Bd5 Rb1+ 40. Kf2 Rb2+ 41. Kg3 Ng6 42. Bd4 Rd2 43. h4 Rd3+ 44. Kf2 Rxd4 45. Nxd4 Nxh4 46. Nc6 Kf8 47. Bc4 f5 48. g5 h6 49. gxh6 gxh6 50. Bxa6 Ng6 51. Bd3 Ne7 52. Nd4 Kg7 53. Kg3 Kf6 54. Nxf5 Nxf5+ 55. Bxf5 Kxf5 56. Kh4 h5 57. Kxh5 1/2-1/2

[Event "*** Titled Tuesday Blitz"]
[Site "Chess.com"]
[Date "2019.07.02"]
[Round "2"]
[White "shnitez"]
[Black "WeAintSurePal"]
[Result "1-0"]
[WhiteElo "2558"]
[BlackElo "2334"]
[TimeControl "180+2"]
[EndTime "13:24:27 PDT"]
[Termination "shnitez won by resignation"]

1. d4 d5 2. Bf4 Nf6 3. e3 c5 4. c3 Nc6 5. Nd2 e6 6. Ngf3 cxd4 7. exd4 Nh5 8. Bg5 f6 9. Be3 f5 10. Ne5 g6 11. Ndf3 Bd6 12. Bb5 Qc7 13. O-O O-O 14.
Bxc6 bxc6 15. Re1 Nf6 16. Nd3 Ne4 17. Nfe5 Ba6 18. f3 Nf6 19. Qd2 Nd7 20. Bf4 Rfe8 21. Nxd7 Qxd7 22. Bxd6 Qxd6 23. Nc5 Bc8 24. Re5 Rb8 25.
Rae1 Kg7 26. h4 h6 27. R1e2 Rb5 28. Qe3 a5 29. b3 Kh7 30. Kf2 Kg7 31. g3 Rb8 32.
Nxe6+ Bxe6 33. Rxe6 Rxe6 34. Qxe6 Qxe6 35. Rxe6 a4 36. b4 Rb6 37. Re7+ Kf6 38. Ra7 f4 39. g4 Rb8 40. Rxa4 Re8 41. Ra6 Re6 42. a4 Ke7 43.
Ra7+ Kd6 44. b5 cxb5 45. Ra6+ Kd7 46. Rxe6 Kxe6 47. axb5 Kd6 48. Ke2 Kc7 49. Kd3 Kb6 50. c4 g5 51. hxg5 hxg5 52. cxd5 Kxb5 53. Ke4 Kc4 54. d6 1-0

[Event "*** Titled Tuesday Blitz"]
[Site "Chess.com"]
[Date "2019.07.02"]
[Round "2"]
[White "Palacios-LLera"]
[Black "dolynachess"]
[Result "0-1"]
[WhiteElo "2412"]
[BlackElo "2456"]
[TimeControl "180+2"]
[EndTime "13:24:27 PDT"]
[Termination "dolynachess won by resignation"]

1. d4 Nf6 2. Nf3 g6 3. c3 c5 4. dxc5 e6 5. b4 a5 6. Bb2 b6 7. cxb6 axb4 8. cxb4 Bxb4+ 9. Nbd2 O-O 10. Qb3 Na6 11. a3 Bxd2+ 12. Nxd2 Bb7 13. Qc3 Kg7 14.
h4 Rc8 15. Qd4 d6 16. f4 h5 17. e3 Re8 18. Bb5 e5 19. fxe5 dxe5 20. Qxd8 Rexd8 21. Bxe5 Rd5 22. Bxf6+ Kxf6 23. O-O+ Ke7 24. Bxa6 Bxa6 25.
Rf2 Rb5 26. Ne4 Rxb6 27. Ng5 f6 28. Ne4 Rc4 29. Rf4 Rb2 30. Rd1 Bb7 31. Nxf6 Rxg2+ 32. Kf1 Rxf4+ 33. exf4 Kxf6 34. Rd6+ Ke7 35. Rb6 Be4 36.
a4 Ra2 37. Rb4 Bd5 38. Rb6 Be6 39. Rb4 Kf6 40. Kg1 Kf5 41. Rb6 Bc4 42. Rb4 Bd3 43. Rd4 Be4 0-1

[Event "*** Titled Tuesday Blitz"]
[Site "Chess.com"]
[Date "2019.07.02"]
[Round "2"]
[White "MikeSailer"]
[Black "ahkashefi2800"]
[Result "0-1"]
[WhiteElo "2061"]
[BlackElo "2056"]
[TimeControl "180+2"]
[EndTime "13:24:29 PDT"]
[Termination "ahkashefi2800 won by resignation"]

1. b4 d5 2. Nf3 c6 3. e3 Nf6 4. c4 Bf5 5. Bb2 e6 6. b5 Bd6 7. a4 O-O 8. Be2 Qe7 9. d4 Nbd7 10. O-O Ne4 11. Nbd2 Bg6 12. Nxe4 Bxe4 13. a5 a6 14.
bxc6 bxc6 15. cxd5 cxd5 16. Ne5 Nxe5 17. dxe5 Bb4 18.
Bd4 Rfc8 19. Bd3 Bg6 20. Bxg6 hxg6 21. Qd3 Rc4 22. Bb6 Rac8 23. h3 Bc3 24. Rac1 Bxe5 25. Rxc4 Rxc4 26. f4 Bc7 27. Rb1 Bd6 28. Bd4 Bc5 29.
Rb8+ Kh7 30. Bxc5 Qxc5 31. Kh2 Qc7 32. Rb6 d4 33. Rb1 dxe3 34. Qxe3 Rxf4 35. Qxf4 Qxf4+ 0-1